AoeStats
← Shiverpops

Arena

510251216Analyzed
1v1 RM · 2d ago on Sep 30, 2026· 38m 2s· 2 players
Game mode
Random Map
Map size
Tiny (2 player)
Population
200
Speed
Normal
Resources
Standard
Victory
Conquest
Starting age
Dark Age
Ending age
Imperial Age
RankedLock teamsTeams togetherTeam positionsShared explorationLock speedFull tech treeHidden civsTurbo modeCheats
Victory
Defeat
🇦🇺 Mongols · Australia
982
+14
🇲🇽 Portuguese · Mexico
942
-14
Tezcatlipoca
5:49 Loom
9:54 Feudal Age
13:55 Castle Age
25:23 Fletching
Shiverpops
11:34 Feudal Age
12:58 Double-Bit Axe
15:24 Castle Age
13:13 Horse Collar
18:47 Bow Saw
22:21 Gold Mining
22:59 Loom
23:33 Fletching
24:22 Bodkin Arrow
24:37 Crossbowman
27:37 Heavy Plow
28:46 Wheelbarrow
29:22 Padded Archer Armor
30:01 Thumb Ring
30:22 Scale Barding Armor
32:26 Ballistics
34:09 Leather Archer Armor
Connection lost

Rejoining the realm…

Still unreachable

The connection could not be restored.

Session expired

The server has moved on; the page needs a fresh start.